[Event "Your Next Move GCT 2017-Blitz"]
[Site "Leuven"]
[Date "2017.07.01"]
[Round "6"]
[White "So, Wesley"]
[Black "Nepomniachtchi, Ian"]
[Result "1-0"]
[ECO "A04"]
[WhiteElo "2724"]
[BlackElo "2793"]
[Annotator ""]
[PlyCount "115"]
[EventDate "2017.??.??"]
[EventType "blitz"]
[EventCountry "BEL"]
[SourceTitle "playchess.com"]
[Source "ChessBase"]
[SourceQuality "1"]
[TimeControl "300+3"]

1. Nf3 {()} g6 {(3)} 2. e4 {(5)} Nf6 {
(3)} 3. e5 {(3)} Nh5 {(3)} 4. d4 {(
08)} d6 {(3)} 5. Be2 {(3)} Nc6 {(3)} 6. O-O {
(7)} Bg7 {(3)} 7. exd6 {(7)} exd6 {(
03)} 8. Bg5 {(14)} Nf6 {(3)} 9. Nc3 {(20)} h6 {
(3)} 10. Be3 {(7)} O-O {(3)} 11. h3 {(
03)} Ne7 {(3)} 12. Qd2 {(7)} Nf5 {(3)} 13.
Bf4 {(3)} g5 {(6)} 14. Bh2 {(3)} g4 {(
07)} 15. hxg4 {(3)} Nxg4 {(3)} 16. Bf4 {(3]
} Bd7 {(20)} 17. Rae1 {(19)} Bc6 {(5)} 18. d5 {
(9)} Bd7 {(3)} 19. Bd3 {(3)} Nh4 {(
11)} 20. Nh2 {(13)} Nxh2 {(11)} 21. Kxh2 {(3)}
Ng6 {(17)} 22. Bg3 {(13)} Ne5 {(3)} 23. Kg1 {
(3)} f5 {(4)} 24. Ne2 {(10)} h5 {(21]
} 25. Bf4 {(4)} h4 {(7)} 26. Bg5 {(12)} Bf6 {
(3)} 27. Bxf6 {(7)} Qxf6 {(3)} 28. Qf4 {
(3)} Rae8 {(21)} 29. Nd4 {(10)} Re7 {(
04)} 30. Nf3 {(18)} Rfe8 {(32)} 31. Re3 {(3)}
Rg7 {(7)} 32. Nh2 {(55)} Rf8 {(12)} 33. Kh1 {
(5)} Ng6 {(3)} 34. Qb4 {(6)} f4 {(
03)} 35. Ree1 {(13)} Ne5 {(3)} 36. Be4 {(3)} h3
{(22)} 37. g3 {(3)} Qh6 {(6)} 38. Qxb7 {
(9)} Bc8 {(25)} 39. Qxa7 Bf5 {(24)} 40. Bxf5 {
(11)} Rxf5 {(3)} 41. g4 {(3)} Nxg4 {(
09)} 42. Nxg4 {(11)} Rxg4 {(3)} 43. Qxc7 {(8)}
Rf8 {(14)} 44. Qd7 {(12)} Rg6 {(30)} 45. Rg1 {
(5)} Rg2 {(21)} 46. Qe6+ {(6)} Qxe6 {(
03)} 47. dxe6 {(3)} f3 {(3)} 48. Re3 {(11)}
Kh7 {(6)} 49. Re4 {(14)} Kg6 {(14)} 50. e7 {
(7)} Re8 51. Re3 Kg5 {(20)} 52. Rxf3 {(7)}
Rxg1+ {(3)} 53. Kxg1 Rxe7 54. Rxh3 {(6)} Re1+ {(
06)} 55. Kg2 {(3)} Rb1 {(3)} 56. Rb3 {(5)}
Kf4 {(3)} 57. a4 {(3)} Ra1 {(3)} 58. Ra3 {
(3)} 1-0

[Event "Your Next Move GCT 2017-Blitz"]
[Site "Leuven"]
[Date "2017.07.01"]
[Round "7"]
[White "Aronian, Levon"]
[Black "So, Wesley"]
[Result "1/2-1/2"]
[ECO "D38"]
[WhiteElo "2786"]
[BlackElo "2724"]
[Annotator ""]
[PlyCount "70"]
[EventDate "2017.??.??"]
[EventType "blitz"]
[EventCountry "BEL"]
[SourceTitle "playchess.com"]
[Source "ChessBase"]
[SourceQuality "1"]
[TimeControl "300+3"]

1. d4 {()} Nf6 {(3)} 2. c4 {(3)} e6 {(
03)} 3. Nf3 {(3)} d5 {(3)} 4. Nc3 {(3)} Bb4
{(3)} 5. Bg5 {(3)} h6 {(3)} 6. Bxf6 {(
03)} Qxf6 {(3)} 7. Qa4+ {(3)} Nc6 {(3)} 8.
e3 {(3)} O-O {(3)} 9. Rd1 {(3)} Rd8 {(
17)} 10. Qc2 {(8)} Bf8 {(1:24)} 11. a3 {(8)}
g6 {(6)} 12. Be2 {(11)} Bg7 {(4)} 13. O-O {
(3)} a5 {(6)} 14. Nb5 {(18)} Qe7 {(
04)} 15. Rc1 {(3)} dxc4 {(10)} 16. Bxc4 {(10)}
Bd7 {(9)} 17. Nxc7 {(26)} Rac8 {(3)} 18. Nb5 {
(3)} e5 {(15)} 19. Qb3 {(2:37)} a4 {(3]
} 20. Qa2 {(28)} Na5 {(10)} 21. Be2 {(4)} Rxc1 {
(10)} 22. Rxc1 {(3)} Nb3 {(5)} 23. Rd1 {
(19)} Be6 {(52)} 24. Qb1 {(9)} Bf5 {(
03)} 25. e4 {(11)} exd4 {(6)} 26. exf5 {(14)}
Qxe2 {(3)} 27. Nc3 {(3)} Qe7 {(9)} 28. Na2 {
(3)} gxf5 {(18)} 29. Nb4 {(3)} Qe4 {(
13)} 30. Nd3 {(3)} Rc8 {(3)} 31. Re1 {(3)} Qd5
{(3)} 32. Nh4 {(8)} Qd7 {(28)} 33. Qd1 {
(4)} Bf6 {(4)} 34. Qh5 {(3)} Bxh4 {(
03)} 35. Qxh4 {(3)} Re8 {(4)} 1/2-1/2

[Event "Your Next Move GCT 2017-Blitz"]
[Site "Leuven"]
[Date "2017.07.01"]
[Round "7"]
[White "Giri, Anish"]
[Black "Carlsen, Magnus"]
[Result "1-0"]
[ECO "E01"]
[WhiteElo "2723"]
[BlackElo "2899"]
[Annotator ""]
[PlyCount "71"]
[EventDate "2017.??.??"]
[EventType "blitz"]
[EventCountry "BEL"]
[SourceTitle "playchess.com"]
[Source "ChessBase"]
[SourceQuality "1"]
[TimeControl "300+3"]

1. d4 {()} Nf6 {(15)} 2. c4 {(3)} e6 {(
03)} 3. g3 {(3)} d5 {(3)} 4. Bg2 {(3)} Bb4+
{(3)} 5. Bd2 {(3)} Be7 {(3)} 6. Nf3 {(
03)} c6 {(3)} 7. O-O {(3)} O-O {(5)} 8. Qc2
{(3)} Nbd7 {(6)} 9. Rd1 {(6)} Ne4 {(
15)} 10. Bf4 {(21)} g5 {(3)} 11. Be3 {(6)} f5 {
(9)} 12. Nc3 {(8)} Nd6 {(9)} 13. b3 {(
05)} Bf6 {(3)} 14. Qc1 {(9)} h6 {(7)} 15.
h4 {(3)} Nf7 {(5)} 16. hxg5 {(34)} hxg5 {
(3)} 17. Na4 {(5)} Qe7 {(46)} 18. Nb2 {(
06)} b6 {(3)} 19. Nd3 {(5)} Bb7 {(7)} 20.
Rb1 {(17)} a5 {(12)} 21. Nde5 {(17)} Ndxe5 {
(16)} 22. dxe5 {(3)} Nxe5 {(3)} 23. Nxe5 {
(4)} Bxe5 {(3)} 24. Bxg5 {(3)} Bf6 {(
22)} 25. Bxf6 {(8)} Rxf6 {(4)} 26. Qe3 {(4]
} Kf7 {(8)} 27. Qxb6 {(23)} Ra6 {(1:50)} 28. Qe3 {
(6)} Ra8 {(27)} 29. Rd4 {(18)} Rh8 {(
05)} 30. cxd5 {(4)} cxd5 {(3)} 31. Rc1 {(5)}
Rfh6 {(3)} 32. Qe5 {(3)} Rc8 {(6)} 33. Rxc8 {
(9)} Bxc8 {(3)} 34. Rd3 {(3)} Bd7 {(
03)} 35. Rc3 {(7)} Rh8 {(5)} 36. Qxh8 1-0

[Event "Your Next Move GCT 2017-Blitz"]
[Site "Leuven"]
[Date "2017.07.01"]
[Round "7"]
[White "Ivanchuk, Vassily"]
[Black "Kramnik, Vladimir"]
[Result "1/2-1/2"]
[ECO "C65"]
[WhiteElo "2768"]
[BlackElo "2760"]
[Annotator ""]
[PlyCount "57"]
[EventDate "2017.??.??"]
[EventType "blitz"]
[EventCountry "BEL"]
[SourceTitle "playchess.com"]
[Source "ChessBase"]
[SourceQuality "1"]
[TimeControl "300+3"]

1. e4 {()} e5 {(3)} 2. Nf3 {(3)} Nc6 {
(3)} 3. Bb5 {(3)} Nf6 {(3)} 4. d3 {(
03)} Bc5 {(3)} 5. Nbd2 {(3)} Nd4 {(4)} 6. Ba4
{(3)} b5 {(13)} 7. Nxd4 {(3)} bxa4 {(
03)} 8. N4f3 {(4)} d6 {(3)} 9. c3 {(10)} Bd7 {
(9)} 10. Nc4 {(18)} O-O {(8)} 11. Be3 {(
07)} Bb6 {(5)} 12. h3 {(6)} Re8 {(6)} 13.
O-O {(3)} h6 {(19)} 14. Re1 {(3)} Bb5 {(
14)} 15. Nfd2 {(10)} Qd7 {(22)} 16. Qf3 {(9)}
Qe6 {(3)} 17. b3 {(17)} Bc6 {(15)} 18. Qg3 {
(12)} Rad8 {(23)} 19. Nxb6 {(12)} axb6 {(
03)} 20. c4 {(3)} axb3 {(31)} 21. axb3 Ra8 {(
03)} 22. Nf3 {(30)} Nh5 {(14)} 23. Qh4 {(3)} Qg6
{(4)} 24. Qg4 {(19)} Qxg4 {(3)} 25. hxg4 {
(3)} Nf6 {(3)} 26. Nh2 {(3)} Nd7 {(
08)} 27. Nf1 {(9)} Rxa1 {(15)} 28. Rxa1 {(3)}
Ra8 {(3)} 29. Rxa8+ {(5)} 1/2-1/2

[Event "Your Next Move GCT 2017-Blitz"]
[Site "Leuven"]
[Date "2017.07.01"]
[Round "7"]
[White "Nepomniachtchi, Ian"]
[Black "Anand, Viswanathan"]
[Result "1/2-1/2"]
[ECO "B12"]
[WhiteElo "2793"]
[BlackElo "2766"]
[Annotator ""]
[PlyCount "82"]
[EventDate "2017.??.??"]
[EventType "blitz"]
[EventCountry "BEL"]
[SourceTitle "playchess.com"]
[Source "ChessBase"]
[SourceQuality "1"]
[TimeControl "300+3"]

1. e4 {()} c6 {(3)} 2. d4 {(3)} d5 {(
03)} 3. e5 {(3)} Bf5 {(3)} 4. g4 {(3)} Bd7
{(6)} 5. Nc3 {(3)} e6 {(4)} 6. Be3 {(
03)} Ne7 {(8)} 7. Qd2 {(11)} h5 {(3)} 8. g5
{(3)} g6 {(5)} 9. Bd3 {(7)} Na6 {(
03)} 10. a3 {(11)} Nc7 {(5)} 11. Nge2 {(12)} Nf5
{(3)} 12. Bxf5 {(3)} exf5 {(3)} 13. Nf4 {
(3)} Be7 {(12)} 14. h4 {(3)} Ne6 {(
08)} 15. Nce2 {(3)} a5 16. Nxe6 {(7)} Bxe6 {(
12)} 17. Nf4 {(3)} Qb6 {(15)} 18. O-O {(3)} O-O
{(4)} 19. a4 {(4)} Qa6 {(8)} 20. b3 {(
07)} b5 {(3)} 21. Qe2 {(11)} Rfc8 {(6)} 22.
axb5 {(10)} cxb5 {(5)} 23. Ra2 {(3)} a4 {
(7)} 24. bxa4 {(1:29)} bxa4 {(3)} 25. Qxa6 {
(3)} Rxa6 {(3)} 26. Rb1 {(3)} Kf8 {(
13)} 27. Rb5 {(5)} a3 {(29)} 28. Rb3 {(4)} Ke8
{(36)} 29. Bc1 {(7)} Ra4 {(12)} 30. c3 {(
16)} Rca8 {(18)} 31. Nd3 {(5)} Kd7 {(6)} 32.
Nb4 {(43)} Bxb4 {(4)} 33. cxb4 {(3)} Kc6 {
(4)} 34. b5+ {(9)} Kb7 {(9)} 35. Rbxa3 {
(31)} Rxa3 {(13)} 36. Bxa3 {(3)} f4 {(
15)} 37. Kg2 {(4)} Bg4 {(6)} 38. Ra1 {(8)} Ra5
{(4)} 39. b6 {(8)} Ra4 {(3)} 40. Bb2 {(
28)} Rxa1 {(3)} 41. Bxa1 {(3)} Kxb6 {(3)}
1/2-1/2

[Event "Your Next Move GCT 2017-Blitz"]
[Site "Leuven"]
[Date "2017.07.01"]
[Round "7"]
[White "Vachier Lagrave, Maxime"]
[Black "Jobava, Baadur"]
[Result "1-0"]
[ECO "C42"]
[WhiteElo "2890"]
[BlackElo "2734"]
[Annotator ""]
[PlyCount "122"]
[EventDate "2017.??.??"]
[EventType "blitz"]
[EventCountry "BEL"]
[SourceTitle "playchess.com"]
[Source "ChessBase"]
[SourceQuality "1"]
[TimeControl "300+3"]

1. e4 {()} e5 {(3)} 2. Nf3 {(3)} Nf6 {
(3)} 3. Nxe5 {(3)} d5 {(3)} 4. exd5 {(
13)} Qxd5 {(3)} 5. d4 {(5)} Nc6 {(3)} 6.
Nxc6 {(23)} Qxc6 {(3)} 7. Qe2+ {(3)} Be7 {
(18)} 8. Qb5 {(3)} Bd7 {(3)} 9. Qxc6 {(
05)} Bxc6 {(3)} 10. f3 {(17)} O-O-O {(4)}
11. c3 {(3)} h5 {(34)} 12. h4 {(10)} Nd5 {
(18)} 13. Kf2 {(6)} Bd7 {(1:17)} 14. Nd2 {(
23)} c5 {(3)} 15. Nb3 {(30)} cxd4 {(3)} 16.
cxd4 {(3)} b6 {(4)} 17. Bd2 {(6)} Kb7 {
(3)} 18. Bd3 {(3)} Be6 {(6)} 19. g3 {(
12)} Rd7 {(3)} 20. Rhe1 {(3)} Rhd8 {(3)}
21. Rac1 {(13)} Nc7 {(11)} 22. Be4+ {(5)} Bd5 {
(3)} 23. Bf5 {(48)} Ne6 {(8)} 24. Re5 {(
03)} g6 {(3)} 25. Rxd5 {(3)} Rxd5 {(3)} 26.
Be4 {(3)} a5 {(14)} 27. Bc3 {(16)} Ka6 {(
09)} 28. Bxd5 {(3)} Rxd5 {(3)} 29. Rd1 {(7]
} Kb5 {(26)} 30. Na1 {(3)} Nc7 {(8)} 31. Nc2 {
(5)} Rd7 {(3)} 32. Ne3 {(5)} Nd5 {(
03)} 33. Nxd5 {(5)} Rxd5 {(3)} 34. Ke3 {(3)}
Bd6 {(26)} 35. Ke4 {(3)} Kc6 {(3)} 36. Rc1 {
(3)} f5+ {(3)} 37. Kd3 {(9)} Kd7 {(
03)} 38. Kc4 {(15)} Kc6 {(3)} 39. f4 {(11)} b5+
{(7)} 40. Kd3 {(3)} Kb6 {(3)} 41. Re1 {
(9)} Bc7 {(12)} 42. b3 {(34)} Kc6 {(
04)} 43. Re7 {(6)} Bb6 {(13)} 44. a4 {(4)} b4 {
(56)} 45. Bb2 {(3)} Rd7 {(3)} 46. Re2 {(
04)} Bc7 {(3)} 47. Kc4 {(3)} Rd6 {(3)} 48.
Re5 {(7)} Kd7 {(3)} 49. Rd5 {(12)} Ke6 {
(3)} 50. Rxd6+ {(3)} Kxd6 {(3)} 51. d5 {
(3)} Bd8 {(4)} 52. Be5+ {(3)} Kd7 {(
03)} 53. Kb5 {(3)} Be7 {(3)} 54. Kxa5 {(14)}
Bc5 {(3)} 55. Kb5 {(3)} Bf2 {(3)} 56. a5 {
(3)} Bxg3 {(3)} 57. a6 {(3)} Bf2 {(
03)} 58. Kxb4 {(3)} Kc8 {(3)} 59. Kb5 {(3)}
Bxh4 {(3)} 60. Kc6 {(3)} Bf2 {(3)} 61. d6 {
(3)} Kd8 1-0

[Event "Your Next Move GCT 2017-Blitz"]
[Site "Leuven"]
[Date "2017.07.01"]
[Round "8"]
[White "Jobava, Baadur"]
[Black "Carlsen, Magnus"]
[Result "0-1"]
[ECO "B23"]
[WhiteElo "2734"]
[BlackElo "2899"]
[Annotator ""]
[PlyCount "58"]
[EventDate "2017.??.??"]
[EventType "blitz"]
[EventCountry "BEL"]
[SourceTitle "playchess.com"]
[Source "ChessBase"]
[SourceQuality "1"]
[TimeControl "300+3"]

1. e4 {()} c5 {(3)} 2. Nc3 {(3)} d6 {(
03)} 3. Nge2 {(3)} Nf6 {(13)} 4. g3 {(3)} g6
{(18)} 5. Bg2 {(3)} Bg7 {(3)} 6. d3 {(
03)} Nc6 {(3)} 7. O-O {(5)} O-O {(3)} 8. h3
{(3)} e5 {(13)} 9. f4 {(3)} Nd4 {(5]
} 10. f5 {(1:10)} b5 {(51)} 11. Nxd4 {(16)} cxd4 {
(3)} 12. Ne2 {(3)} d5 {(53)} 13. g4 {(
06)} dxe4 {(5)} 14. Ng3 {(3)} Rb8 {(31)} 15.
g5 {(3)} e3 {(3)} 16. gxf6 {(3)} Bxf6 {
(3)} 17. Be4 {(17)} Bg5 {(16)} 18. b4 {(
44)} Rb6 {(5)} 19. a4 {(3)} Kh8 {(14)} 20.
Bb2 {(11)} Bf4 {(22)} 21. Qg4 {(36)} h5 {(
07)} 22. Qf3 {(24)} gxf5 {(22)} 23. Nxf5 {(15]
} Qg5+ {(40)} 24. Qg2 {(13)} Rg8 {(3)} 25. Nxd4
{(24)} Qxg2+ {(3)} 26. Bxg2 {(3)} Rbg6 {
(3)} 27. Rxf4 {(53)} Rxg2+ {(3)} 28. Kh1 {
(3)} exf4 {(3)} 29. axb5 {(5)} Kh7 {(
03)} 0-1

[Event "Your Next Move GCT 2017-Blitz"]
[Site "Leuven"]
[Date "2017.07.01"]
[Round "8"]
[White "Kramnik, Vladimir"]
[Black "Nepomniachtchi, Ian"]
[Result "1/2-1/2"]
[ECO "A48"]
[WhiteElo "2760"]
[BlackElo "2793"]
[Annotator ""]
[PlyCount "69"]
[EventDate "2017.??.??"]
[EventType "blitz"]
[EventCountry "BEL"]
[SourceTitle "playchess.com"]
[Source "ChessBase"]
[SourceQuality "1"]
[TimeControl "300+3"]

1. d4 {()} Nf6 {(3)} 2. Nf3 {(3)} g6 {
(3)} 3. Bg5 {(3)} Bg7 {(3)} 4. Nbd2 {(
03)} O-O {(3)} 5. e3 {(3)} d6 {(3)} 6. c3 {
(3)} Bf5 {(3)} 7. Be2 {(5)} Nbd7 {(
03)} 8. O-O {(3)} h6 {(3)} 9. Bh4 {(3)} Re8 {
(3)} 10. Qb3 {(9)} Qc8 {(17)} 11. Rfe1 {
(6)} e5 {(20)} 12. Bc4 {(45)} d5 {(3]
} 13. Bxd5 {(4)} Nxd5 {(4)} 14. e4 {(3)} N7b6
{(54)} 15. exf5 {(20)} Qxf5 {(3)} 16. dxe5 {
(5)} Bxe5 {(18)} 17. Nxe5 {(11)} Rxe5 {(
03)} 18. Bg3 {(20)} Nf4 {(11)} 19. Nf3 {(23)}
Ne2+ {(14)} 20. Rxe2 {(4)} Rxe2 {(3)} 21. Nd4 {
(3)} Rae8 {(3)} 22. Nxe2 {(28)} Rxe2 {(
03)} 23. Rd1 {(9)} Nd5 {(35)} 24. Qxb7 {(38)}
Rd2 {(3)} 25. Rf1 {(6)} Nf4 {(14)} 26. Bxf4 {
(22)} Qxf4 {(3)} 27. g3 {(3)} Qe5 {(
10)} 28. a4 {(7)} a5 {(3)} 29. b4 {(6)} Qxc3 {
(4)} 30. Qa8+ {(3)} Kg7 {(5)} 31. Qxa5 {
(9)} Rb2 {(7)} 32. Qc5 {(14)} Qxb4 {(
33)} 33. Qxc7 {(18)} Qd4 {(19)} 34. a5 {(17)} Ra2
{(3)} 35. Qb6 {(20)} 1/2-1/2

[Event "Your Next Move GCT 2017-Blitz"]
[Site "Leuven"]
[Date "2017.07.01"]
[Round "8"]
[White "So, Wesley"]
[Black "Giri, Anish"]
[Result "0-1"]
[ECO "D17"]
[WhiteElo "2724"]
[BlackElo "2723"]
[Annotator ""]
[PlyCount "64"]
[EventDate "2017.??.??"]
[EventType "blitz"]
[EventCountry "BEL"]
[SourceTitle "playchess.com"]
[Source "ChessBase"]
[SourceQuality "1"]
[TimeControl "300+3"]

1. Nf3 {()} d5 {(3)} 2. d4 {(3)} Nf6 {
(3)} 3. c4 {(3)} c6 {(3)} 4. Nc3 {(
04)} dxc4 {(3)} 5. a4 {(3)} Bf5 {(3)} 6. Ne5 {
(3)} Nbd7 {(3)} 7. Nxc4 {(3)} Nb6 {(
03)} 8. Ne5 {(3)} a5 {(3)} 9. h4 {(6)} e6 {
(7)} 10. f3 {(4)} h6 {(3)} 11. e4 {(
03)} Bh7 {(3)} 12. Be3 {(4)} Nfd7 {(3)} 13.
Nd3 {(4)} Bd6 {(3)} 14. Bf2 {(6)} O-O {
(9)} 15. Qb3 {(23)} Qe7 {(13)} 16. g4 {(
18)} Kh8 {(7)} 17. Be2 {(3)} f5 {(8)} 18.
gxf5 {(3)} exf5 {(3)} 19. e5 {(3)} Bb4 {
(3)} 20. Kf1 {(38)} f4 {(20)} 21. Nxb4 {(
14)} axb4 {(3)} 22. Ne4 {(5)} Nd5 {(42)} 23.
Nd6 {(5)} Qe6 {(3)} 24. Kg1 {(45)} Nxe5 {
(53)} 25. dxe5 {(3)} Qxe5 {(3)} 26. Ne4 {
(3)} Rae8 {(54)} 27. Re1 {(9)} Re6 {(
08)} 28. Bd3 {(35)} Ne3 {(18)} 29. Rh2 {(3)}
Rg6+ {(19)} 30. Kh1 {(3)} Qh5 {(3)} 31. Rh3 {
(17)} Rg3 {(11)} 32. Rxg3 {(13)} fxg3 {(
06)} 0-1

[Event "Your Next Move GCT 2017-Blitz"]
[Site "Leuven"]
[Date "2017.07.01"]
[Round "8"]
[White "Vachier Lagrave, Maxime"]
[Black "Ivanchuk, Vassily"]
[Result "1-0"]
[ECO "B07"]
[WhiteElo "2890"]
[BlackElo "2768"]
[Annotator ""]
[PlyCount "107"]
[EventDate "2017.??.??"]
[EventType "blitz"]
[EventCountry "BEL"]
[SourceTitle "playchess.com"]
[Source "ChessBase"]
[SourceQuality "1"]
[TimeControl "300+3"]

1. e4 d6 2. d4 {(3)} Nf6 {(6)} 3. Nc3 {(3)} g6
{(3)} 4. g3 {(4)} Bg7 {(3)} 5. Bg2 {(
03)} O-O {(3)} 6. Nge2 {(3)} e5 {(3)} 7.
O-O {(3)} Nc6 {(3)} 8. dxe5 {(26)} dxe5 {
(3)} 9. b3 {(3)} a5 {(42)} 10. Bb2 {(
11)} b6 {(20)} 11. Nd5 {(4)} Bb7 {(8)} 12. Re1
{(3)} Re8 {(4)} 13. Qd2 {(7)} Nb4 {(
42)} 14. Rad1 {(7)} c6 {(3)} 15. Ne3 {(8)}
Qxd2 {(14)} 16. Rxd2 {(3)} Bh6 {(3)} 17. a3 {
(31)} Na6 {(9)} 18. Rd6 {(3)} Bxe3 {(
03)} 19. fxe3 {(3)} Ng4 {(3)} 20. Nc1 {(9)}
Nc5 {(13)} 21. h3 {(14)} Nh6 {(3)} 22. g4 {
(5)} f6 {(11)} 23. Rxf6 Rad8 24. Ref1 {(18)} Rd2
{(20)} 25. g5 {(21)} Rxc2 {(3)} 26. Bxe5 {
(6)} Ba6 {(13)} 27. Rd1 {(26)} Nf7 {(
09)} 28. Bf4 {(3)} Ne5 {(23)} 29. b4 {(18)} axb4
{(3)} 30. axb4 {(3)} Ncd7 {(51)} 31. Rfd6 {
(3)} Bc4 {(3)} 32. R6d2 {(18)} Rxd2 {(
34)} 33. Rxd2 {(3)} Ra8 {(3)} 34. Ne2 {(5)}
Ra2 {(15)} 35. Rxa2 {(3)} Bxa2 {(3)} 36. h4 {
(17)} Kf7 {(3)} 37. Nd4 {(3)} c5 {(
03)} 38. bxc5 {(3)} bxc5 {(3)} 39. Nb5 {(3)}
Ke7 {(12)} 40. Nc3 {(3)} Be6 {(3)} 41. Kf2 {
(5)} c4 {(6)} 42. Bf1 {(3)} Nd3+ {(
03)} 43. Kf3 {(5)} N7e5+ {(3)} 44. Bxe5 {(35)}
Nxe5+ {(3)} 45. Kf4 {(3)} Nd7 {(3)} 46. e5 {
(4)} Nc5 {(6)} 47. e4 {(4)} Kd8 {(
04)} 48. Ke3 {(4)} Nb3 {(3)} 49. Be2 {(10)} Kd7
{(3)} 50. Nd5 {(4)} Na5 {(3)} 51. Bd1 {
(8)} Kc6 {(4)} 52. Kd4 {(3)} Bf7 {(
06)} 53. Ba4+ {(3)} Kb7 {(3)} 54. Bd7 {(6)}
1-0

[Event "Your Next Move GCT 2017-Blitz"]
[Site "Leuven"]
[Date "2017.07.01"]
[Round "9"]
[White "Aronian, Levon"]
[Black "Kramnik, Vladimir"]
[Result "1/2-1/2"]
[ECO "A14"]
[WhiteElo "2786"]
[BlackElo "2760"]
[Annotator ""]
[PlyCount "161"]
[EventDate "2017.??.??"]
[EventType "blitz"]
[EventCountry "BEL"]
[SourceTitle "playchess.com"]
[Source "ChessBase"]
[SourceQuality "1"]
[TimeControl "300+3"]

1. c4 {()} e6 {(3)} 2. g3 {(3)} d5 {(
03)} 3. Bg2 {(3)} Nf6 {(3)} 4. Nf3 {(3)}
Be7 {(3)} 5. O-O {(3)} O-O {(3)} 6. d4 {
(3)} dxc4 {(3)} 7. Qc2 {(3)} a6 {(
03)} 8. a4 {(3)} Bd7 {(3)} 9. Qxc4 {(3)} Bc6 {
(3)} 10. Bf4 {(3)} Nbd7 {(3)} 11. Nc3 {
(8)} Bd6 {(3)} 12. a5 {(3)} Bxf4 {(
04)} 13. gxf4 {(3)} Nd5 {(3)} 14. e3 {(3)}
Nxc3 {(3)} 15. Qxc3 {(3)} Bxf3 {(9)} 16. Bxf3
{(3)} c6 {(3)} 17. Kh1 {(10)} Qe7 {(
08)} 18. Rg1 {(8)} g6 {(3)} 19. Rg5 {(11)} Rad8
{(9)} 20. Rag1 {(18)} Nf6 {(10)} 21. b4 {
(7)} Nd5 {(13)} 22. Qc5 {(3)} Qf6 {(
08)} 23. Be4 {(14)} Kh8 {(37)} 24. R1g3 {(24)}
Rfe8 {(13)} 25. Re5 {(28)} Ne7 {(45)} 26. Reg5 {
(32)} h6 {(15)} 27. Rh3 {(20)} Kg7 {(
08)} 28. Rg1 {(3)} Nf5 {(17)} 29. Qe5 {(4)}
Qxe5 {(13)} 30. fxe5 {(3)} Nxd4 {(9)} 31. exd4
{(15)} Rxd4 {(3)} 32. Re3 {(14)} Red8 {(
04)} 33. Rb1 {(6)} Rc4 {(3)} 34. Rd3 {(17)}
Rxd3 {(19)} 35. Bxd3 {(3)} Rd4 {(3)} 36. Rb3 {
(20)} Rd5 {(7)} 37. Kg2 {(6)} Rxe5 {(
03)} 38. Kf3 {(25)} f5 {(6)} 39. Bc2 {(11)} Kf6
{(7)} 40. Rd3 {(14)} Rb5 {(3)} 41. Rd4 {
(14)} c5 {(3)} 42. bxc5 {(9)} Rxc5 {(
03)} 43. Ba4 {(5)} Rxa5 {(7)} 44. Be8 {(3)} g5
{(7)} 45. Rd7 {(3)} Ra3+ {(7)} 46. Kg2 {
(3)} Rb3 {(3)} 47. Rh7 {(15)} b5 {(
18)} 48. Bd7 {(12)} Rd3 {(3)} 49. Bc8 {(3)} Rd6
{(6)} 50. Ra7 {(4)} b4 {(8)} 51. Rxa6 {
(7)} Rxa6 {(3)} 52. Bxa6 {(3)} b3 {(
03)} 53. Kf3 {(3)} g4+ {(8)} 54. Ke3 {(3)} b2
{(3)} 55. Bd3 {(3)} Kg5 {(3)} 56. f4+ {
(6)} gxf3 {(6)} 57. Kxf3 {(3)} e5 {(
03)} 58. Ke3 {(3)} e4 {(3)} 59. Bc2 {(3)} Kg4
{(3)} 60. Kf2 {(4)} Kf4 {(9)} 61. Ke2 {
(3)} Ke5 {(3)} 62. Kd2 {(3)} Kd4 {(
03)} 63. Bb1 {(3)} f4 {(3)} 64. Ke2 {(3)} Ke5
{(4)} 65. Bc2 {(3)} Kd4 {(3)} 66. Bb1 {
(3)} e3 {(9)} 67. Bh7 {(3)} Kc3 {(
03)} 68. Bb1 {(3)} Kb3 {(14)} 69. Kf3 {(3)} Kc4
{(3)} 70. Ke2 {(3)} Kc3 {(3)} 71. Bh7 {
(3)} Kd4 {(5)} 72. Bb1 {(3)} Ke5 {(
03)} 73. Kf3 {(3)} Kf6 {(3)} 74. h4 {(3)} Ke5
{(10)} 75. Bc2 {(3)} Kd4 {(5)} 76. Bb1 {
(3)} Kc4 {(8)} 77. Ke2 {(3)} Kc3 {(
03)} 78. Bh7 {(3)} Kb4 {(9)} 79. Bb1 Kb3 80. Kf3 {
(6)} Kc3 {(7)} 81. Ke4 1/2-1/2

[Event "Your Next Move GCT 2017-Blitz"]
[Site "Leuven"]
[Date "2017.07.01"]
[Round "9"]
[White "Carlsen, Magnus"]
[Black "So, Wesley"]
[Result "1-0"]
[ECO "D00"]
[WhiteElo "2899"]
[BlackElo "2724"]
[Annotator ""]
[PlyCount "81"]
[EventDate "2017.??.??"]
[EventType "blitz"]
[EventCountry "BEL"]
[SourceTitle "playchess.com"]
[Source "ChessBase"]
[SourceQuality "1"]
[TimeControl "300+3"]

1. d4 {()} d5 {(3)} 2. Bf4 {(3)} c5 {(
03)} 3. e3 {(3)} Nc6 {(4)} 4. c3 {(3)} Qb6
{(7)} 5. Qb3 {(4)} Nf6 {(13)} 6. Nd2 {(
07)} c4 {(6)} 7. Qc2 {(3)} Nh5 {(3)} 8. Bg5
{(13)} h6 {(3)} 9. Bh4 {(3)} g5 {(3]
} 10. Be2 {(28)} Ng7 {(5)} 11. Bg3 {(3)} Bf5 {
(35)} 12. Qc1 {(4)} e6 {(14)} 13. Ngf3 {(
05)} Qa5 {(20)} 14. e4 {(9)} Bh7 {(18)} 15.
O-O {(3)} Be7 {(5)} 16. Re1 {(16)} O-O {
(5)} 17. Ne5 {(31)} Nxe5 {(11)} 18. Bxe5 {
(3)} f6 {(5)} 19. Bg3 {(3)} Rfe8 {(
22)} 20. h4 {(53)} b5 {(3)} 21. b4 {(28)} Qd8 {
(31)} 22. a4 {(3)} a5 {(13)} 23. axb5 {(
16)} axb4 {(3)} 24. Rxa8 {(3)} Qxa8 {(3)}
25. exd5 {(18)} exd5 {(4)} 26. Bf3 {(3)} Qd8 {
(1:01)} 27. hxg5 {(13)} hxg5 28. b6 {(4)} bxc3 {
(21)} 29. Qxc3 {(15)} Qxb6 {(3)} 30. Bxd5+ {
(3)} Kf8 {(3)} 31. Nxc4 {(29)} Qb5 {(
08)} 32. Ne3 {(13)} Rd8 {(17)} 33. Qc7 {(16)} Qd7
{(7)} 34. Qa5 {(6)} Nh5 {(20)} 35. Bc7 {
(6)} Rc8 {(3)} 36. Bh2 {(3)} Nf4 {(
04)} 37. Bxf4 {(3)} gxf4 {(3)} 38. Nc4 {(3)}
Qf5 {(14)} 39. Qa7 {(13)} Qxd5 {(5)} 40. Qxe7+ {
(3)} Kg8 {(3)} 41. Nb6 {(3)} 1-0

[Event "Your Next Move GCT 2017-Blitz"]
[Site "Leuven"]
[Date "2017.07.01"]
[Round "9"]
[White "Giri, Anish"]
[Black "Anand, Viswanathan"]
[Result "1/2-1/2"]
[ECO "C50"]
[WhiteElo "2723"]
[BlackElo "2766"]
[Annotator ""]
[PlyCount "58"]
[EventDate "2017.??.??"]
[EventType "blitz"]
[EventCountry "BEL"]
[SourceTitle "playchess.com"]
[Source "ChessBase"]
[SourceQuality "1"]
[TimeControl "300+3"]

1. e4 {()} e5 {(3)} 2. Nf3 {(3)} Nc6 {
(3)} 3. Bc4 {(3)} Bc5 {(3)} 4. O-O {(
03)} Nf6 {(3)} 5. d3 {(3)} d6 {(3)} 6. c3 {
(3)} a6 {(3)} 7. a4 {(3)} h6 {(3)}
8. Re1 {(4)} Ba7 {(5)} 9. Nbd2 {(4)} O-O {
(3)} 10. Nf1 {(3)} Re8 {(5)} 11. Be3 {(
30)} Be6 {(3)} 12. Bxe6 {(3)} Rxe6 {(3)}
13. b4 {(3)} Bxe3 {(25)} 14. Nxe3 {(3)} a5 {
(12)} 15. Rb1 {(39)} axb4 {(16)} 16. cxb4 {
(3)} d5 {(7)} 17. b5 {(42)} Nd4 {(16]
} 18. exd5 {(9)} Nxd5 {(6)} 19. Nxd5 {(9)}
Qxd5 {(3)} 20. Nxd4 {(3)} Qxd4 {(4)} 21. Re4 {
(3)} Qd5 {(5)} 22. Rc1 {(8)} c6 {(
03)} 23. bxc6 {(3)} Rxc6 {(3)} 24. Rxc6 {(3)}
Qxc6 {(3)} 25. h3 {(10)} b5 {(12)} 26. axb5 {
(3)} Qxb5 {(3)} 27. Re1 {(26)} Rd8 {(
05)} 28. Qe2 {(7)} f6 {(7)} 29. Qa2+ {(8)} Qd5
{(43)} 1/2-1/2